 Dungeon Crawl Stone Soup version 0.20.1-1-g8b1a95d (webtiles) character file.

2152 vineage the Cudgeler (level 9, -3/81 HPs)
             Began as a Gargoyle Fighter on Sept 16, 2017.
             Slain by Chisa's ghost (10 damage)
             ... on level 8 of the Dungeon.
             The game lasted 00:11:01 (6428 turns).

vineage the Cudgeler (Gargoyle Fighter)             Turns: 6428, Time: 00:11:04

Health: -3/81      AC: 24    Str: 27    XL:     9   Next: 31%
Magic:  8/8        EV:  2    Int: 12    God:    Xom [*.....]
Gold:   249        SH: 11    Dex: 10    Spells: 8/8 levels left

rFire    + . .     SeeInvis .   I - +4 whip
rCold    . . .     Gourm    .   c - +0 shield
rNeg     + + +     Faith    .   (armour currently unavailable)
rPois    ∞         Spirit   .   (helmet currently unavailable)
rElec    .         Reflect  .   (cloak currently unavailable)
rCorr    .         Harm     .   (gloves currently unavailable)
MR       +....     NoTele   +   (boots currently unavailable)
Stlth    ++........             (no amulet)
Regen    0.0/turn               o - ring of protection from fire
MPRegen  0.2/turn               (no ring)

@: mighty, brilliant, tree-form, hasted, very quick
A: dopey 1, low mp 1, magic resistance 1, negative energy resistance 1,
inhibited regeneration, petrification resistance, no potion heal 1, rot
immunity, subdued magic 1, AC +5
a: Renounce Religion


You were on level 8 of the Dungeon.
You worshipped Xom.
You were a special plaything of Xom.
You were not hungry.
You were a tree.
You visited 2 branches of the dungeon, and saw 9 of its levels.

You collected 249 gold pieces.

Inventory:

Hand Weapons
 a - a +1 flail
 I - a +4 whip (weapon)
Missiles
 v - 3 javelins (quivered)
Armour
 b - a +0 scale mail (melded)
 c - a +0 shield (worn)
 r - a +0 pair of boots (melded)
 A - a +0 helmet (melded)
Jewellery
 o - a ring of protection from fire (left branch)
Wands
 l - a wand of random effects (30/48)
 p - a wand of confusion (5/48)
 s - a wand of polymorph (8/24)
 y - a wand of polymorph (7/24)
 E - a wand of acid (7/15)
Scrolls
 j - 4 scrolls of recharging {unknown}
 m - 3 scrolls of remove curse
 q - a scroll of enchant weapon
 t - a scroll of enchant armour {unknown}
 w - a scroll of magic mapping {unknown}
 x - a scroll of immolation {unknown}
 z - a scroll of summoning {unknown}
 B - 2 scrolls of identify {unknown}
 D - a scroll of fog {unknown}
Potions
 d - a potion of might
 e - a potion of invisibility
 n - a potion of brilliance
 u - 2 potions of haste
 C - a potion of flight
Books
 G - a book of Cantrips

   Spells                             Type                      Level
   a - Confusing Touch                Hexes                        1
   b - Animate Skeleton               Necromancy                   1
   c - Summon Small Mammal            Summoning                    1
   d - Apportation                    Translocation                1
 H - a book of Necromancy

   Spells                             Type                      Level
   a - Pain                           Necromancy                   1
   b - Animate Skeleton               Necromancy                   1
   c - Vampiric Draining              Necromancy                   3
   d - Regeneration                   Charms/Necromancy            3
   e - Animate Dead                   Necromancy                   4
   f - Control Undead                 Necromancy                   4
Comestibles
 f - 3 bread rations
 g - 3 royal jellies
 h - 3 meat rations
 i - 6 fruits


   Skills:
 + Level 5.0 Fighting
 + Level 7.9 Maces & Flails
 + Level 6.0 Armour
 + Level 3.1 Dodging
 + Level 1.3 Stealth
 + Level 7.1 Shields


You had 8 spell levels left.
You didn't know any spells.

Dungeon Overview and Level Annotations

Branches:
Dungeon (8/15)             Temple (1/1) D:5
   Lair: D:8-11

Altars:
Ashenzari
Cheibriados
Dithmenos
Elyvilon
Fedhas
Gozag
Hepliaklqana
Kikubaaqudgha
Nemelex Xobeh
Okawaru
Qazlal
Ru
Sif Muna
Trog
Uskayaw
Vehumet
Xom
Yredelemnul
Zin
The Shining One
Lugonu

Shops:
D:5 :

Annotations:
D:8 Chisa's ghost, novice TrMo


Innate Abilities, Weirdness & Mutations

You are resistant to torment.
((Your stone body is resilient. (AC +5)))
You are immune to poison.
You resist negative energy. (rN+)
((You are resistant to electric shocks. (rElec)))
((You can survive without breathing.))
You are immune to petrification.
You are immune to rotting.
You are dopey. (Int -2)
Your magical capacity is low. (-10% MP)
You are resistant to hostile enchantments. (MR+)
You do not regenerate when monsters are visible.
Potions are less effective at restoring your health.
Your spells are a little easier to cast, but a little less powerful.


Message History

You feel better. The centaur closely misses you.
Your wolf closely misses Chisa's ghost.
It was a potion of lignification.
You turn into a tree.
Your +0 helmet melds into your body.
Your +0 pair of boots melds into your body.
Your +0 scale mail melds into your body.
Your roots penetrate the ground.
Xom thinks this is hilarious!
You block the centaur's attack. The phantom misses your wolf.
You feel clever all of a sudden. The centaur barely misses you.
Your wolf bites the centaur!
Chisa's ghost completely misses you.
You cannot move.
You whack Chisa's ghost!
Chisa's ghost is severely damaged.
Your wolf bites the centaur.
The centaur dies!
Your Armour skill increases to level 6!
The phantom hits your wolf. Chisa's ghost hits you!
You die...

+# .# .# ##.##
##...##
###§§...#
######♣hW§...#
......?W>.§.#.#
#######.##<.#
#.##........
#..%..######
#......
#..P%.##
##%.... #....#


You could see a phantom, Chisa's ghost and a friendly wolf.

Vanquished Creatures
  A hungry ghost (D:7)
  A black bear (D:7)
  2 sky beasts
  A necrophage (D:5)
  A phantom (D:6)
  2 ogres (D:6)
  An ice beast (D:5)
  3 bullfrogs
  A gnoll sergeant (D:6)
  A scorpion (D:7)
  A howler monkey (D:7)
  2 crimson imps
  An orc priest (D:5)
  2 jellies
  A centaur skeleton (D:6)
  A bullfrog skeleton (D:6)
  2 gnoll shamans (D:7)
  Jessica (D:3)
  Terence (D:3)
  2 iguanas
  4 worker ants
  A killer bee zombie (D:7)
  2 hound zombies (D:6)
  A worker ant zombie (D:6)
  Robin (D:3)
  17 gnolls
  7 adders
  4 shadow imps
  2 oozes
  5 worms
  3 dart slugs (D:1)
  A leopard gecko (D:1)
  8 orcs
  4 giant cockroaches
  11 goblins
  6 hobgoblins
  5 jackals
  A quokka (D:7)
  3 ball pythons
  5 bats
  8 frilled lizards
  A giant cockroach zombie (D:6)
  7 kobolds
  A quokka skeleton (D:6)
  4 rats
140 creatures vanquished.

Vanquished Creatures (collateral kills)
  A centaur (D:8)
1 creature vanquished.

Grand Total: 141 creatures vanquished

Notes
Turn   | Place    | Note
-------+----------+-------------------------------------------
     0 | D:1      | vineage the Gargoyle Fighter began the quest for the Orb.
     0 | D:1      | Reached XP level 1. HP: 14/14 MP: 1/1
   156 | D:1      | Reached XP level 2. HP: 19/19 MP: 2/2
   696 | D:1      | Reached XP level 3. HP: 23/23 MP: 3/3
  1306 | D:2      | Found a sparkling altar of Nemelex Xobeh.
  1406 | D:2      | Reached XP level 4. HP: 27/28 MP: 4/4
  1519 | D:3      | Noticed Terence
  1542 | D:3      | Killed Terence
  1570 | D:3      | Noticed Robin
  1608 | D:3      | Killed Robin
  1628 | D:3      | Found a sacrificial altar of Ru.
  1643 | D:3      | Reached XP level 5. HP: 17/33 MP: 5/5
  1662 | D:3      | Noticed Jessica
  1670 | D:3      | Killed Jessica
  2818 | D:4      | Reached skill level 1 in Dodging
  2853 | D:4      | Reached XP level 6. HP: 34/38 MP: 6/6
  3034 | D:4      | You fall through a shaft!
  3034 | D:5      | Entered Level 5 of the Dungeon
  3056 | D:5      | Found an opulent altar of Gozag.
  3165 | D:5      | Found Kabunow's Book Boutique.
  3168 | D:5      | Noticed a necrophage
  3182 | D:5      | Noticed an ice beast
  3186 | D:5      | Noticed a sky beast
  3208 | D:5      | Killed an ice beast
  3208 | D:5      | Reached skill level 5 in Shields
  3210 | D:5      | Killed a sky beast
  3210 | D:5      | Reached XP level 7. HP: 16/43 MP: 7/7
  3227 | D:5      | Gained mutation: You are dopey. (Int -2) [mutagenic meat]
  3228 | D:5      | Gained mutation: You expend magic power (3 MP) to strengthen your wands. [mutagenic meat]
  3229 | D:5      | Gained mutation: You are resistant to hostile enchantments. (MR+) [mutagenic meat]
  3230 | D:5      | Gained mutation: Potions are less effective at restoring your health. [mutagenic meat]
  3231 | D:5      | Lost mutation: You expend magic power (3 MP) to strengthen your wands. [mutagenic meat]
  3232 | D:5      | Gained mutation: Your body sometimes deteriorates upon taking damage. [mutagenic meat]
  3470 | D:5      | Found a staircase to the Ecumenical Temple.
  3593 | D:6      | Reached skill level 5 in Maces & Flails
  3595 | D:6      | Gained mutation: You are agile. (Dex +2) [mutagenic meat]
  3597 | D:6      | Lost mutation: Your body sometimes deteriorates upon taking damage. [mutagenic meat]
  3598 | D:6      | Gained mutation: Your magical capacity is low. (-10% MP) [mutagenic meat]
  3599 | D:6      | Gained mutation: Your spells are a little easier to cast, but a little less powerful. [mutagenic meat]
  3600 | D:6      | Gained mutation: You do not regenerate when monsters are visible. [mutagenic meat]
  3671 | D:6      | Reached XP level 8. HP: 47/48 MP: 7/7
  3782 | D:6      | Reached skill level 5 in Armour
  4204 | Temple   | Entered the Ecumenical Temple
  4220 | Temple   | Became a worshipper of Xom the Unpredictable
  4283 | D:6      | XOM: potion effect (haste)
  4288 | D:6      | XOM: divination: detect creatures
  4451 | D:7      | XOM: harmless Conj miscast
  4487 | D:7      | XOM: give mutation
  4487 | D:7      | Lost mutation: You are agile. (Dex +2) [Xom's mischief]
  4583 | D:7      | XOM: mild Conj miscast
  4817 | D:7      | Reached skill level 1 in Stealth
  4861 | D:7      | XOM: summons 4 hostile demons
  4862 | D:7      | Noticed a hellwing
  4862 | D:7      | Noticed a sixfirhy
  5121 | D:7      | XOM: 6-stop teleportation journey
  5201 | D:7      | Reached XP level 9. HP: 48/52 MP: 8/8
  5204 | D:7      | XOM: 2-stop teleportation journey
  5432 | D:7      | XOM: silly message
  5513 | D:7      | Found a hide-covered altar of Uskayaw.
  5519 | D:7      | Found a white marble altar of Elyvilon.
  5523 | D:7      | Found an ancient bone altar of Kikubaaqudgha.
  5524 | D:7      | Found a basalt altar of Yredelemnul.
  5524 | D:7      | Found a sparkling altar of Nemelex Xobeh.
  5524 | D:7      | Found a snail-covered altar of Cheibriados.
  5524 | D:7      | Found a blossoming altar of Fedhas.
  5524 | D:7      | Found a hazy altar of Hepliaklqana.
  5525 | D:7      | Found a glowing golden altar of the Shining One.
  5526 | D:7      | Found an iron altar of Okawaru.
  5528 | D:7      | Found a radiant altar of Vehumet.
  5529 | D:7      | Found a shadowy altar of Dithmenos.
  5603 | D:7      | XOM: enchant monster (bad)
  5668 | D:7      | XOM: summons 1 hostile shadow creature
  5678 | D:7      | Reached skill level 5 in Fighting
  6171 | D:8      | Noticed Chisa's ghost (novice TrMo)
  6176 | D:8      | XOM: butterfly on damage
  6305 | D:7      | XOM: harmless Air miscast
  6406 | D:8      | XOM: confusion
  6413 | D:8      | XOM: smoke on damage
  6419 | D:8      | XOM: cast spell 'Call Canine Familiar'
  6421 | D:8      | XOM: harmless Ice miscast
  6424 | D:8      | HP: 2/54 [centaur (4)]
  6428 | D:8      | Slain by Chisa's ghost

Skill      XL: |  1  2  3  4  5  6  7  8  9 |
---------------+----------------------------+-----
Armour         | 4 5 6 |  6.0
Maces & Flails | 3 4 5 7 |  7.9
Shields        | 4 5 6 7 |  7.1
Dodging        | 1 2 3 |  3.1
Fighting       | 4 5 |  5.0
Stealth        | 1 |  1.3

Action                   |  1- 3 |  4- 6 |  7- 9 || total
-------------------------+-------+-------+-------++-------
Melee: Flail             |   140 |   197 |   296 ||   633
       Whip              |       |       |    38 ||    38
Throw: Javelin           |       |     3 |       ||     3
  Use: Potion            |       |     5 |    11 ||    16
       Scroll            |       |     3 |     1 ||     4
 Stab: Invisible         |       |       |     1 ||     1
  Eat: Chunk             |     1 |     6 |    18 ||    25
       Fruit             |       |       |     3 ||     3
       Meat ration       |       |       |     2 ||     2
Armor: Scale mail        |    88 |   128 |   180 ||   396
Dodge: Dodged            |    57 |   110 |   140 ||   307
Block: Shield            |    95 |   143 |   206 ||   444
